 Dungeon Crawl Stone Soup version 0.26.0-9-gab577f9fc5 (webtiles) character file.

Game seed: 12975778605184920438

4440 DildoBatman the Blocker (level 10, 0/74 HPs)
             Began as a Formicid Conjurer on Jan 13, 2021.
             Was a Priest of Kikubaaqudgha.
             Slain by an orc warlord
             ... wielding a +0 war axe
              (5 damage)
             ... on level 8 of the Dungeon.
             The game lasted 00:35:38 (8468 turns).

DildoBatman the Blocker (Formicid Conjurer)         Turns: 8468, Time: 00:35:39

Health: 0/74       AC:  9    Str: 12    XL:     10   Next: 63%
Magic:  20/20      EV: 13    Int: 21    God:    Kikubaaqudgha [***...]
Gold:   384        SH: 10    Dex: 12    Spells: 8/23 levels left

rFire    . . .     SeeInvis +   a - +3 whip (freeze)
rCold    + . .     Faith    .   y - +0 kite shield
rNeg     . . .     Spirit   .   j - +0 robe
rPois    .         Reflect  .   (helmet unavailable)
rElec    .         Harm     .   L - +2 cloak of the Endless Expanse {rC+ Dex+3}
rCorr    .         Rampage  .   u - +0 pair of gloves
Will     +....                  O - +1 pair of boots {Stlth+}
Stlth    ++++......             r - amulet of regeneration
HPRegen  0.62/turn              e - ring of wizardry
MPRegen  0.17/turn              K - ring of stealth

@: no status effects
A: permanent stasis, dig shafts and tunnels, four strong arms, antennae 3
a: Dig, Shaft Self, Renounce Religion, Receive Corpses


You were on level 8 of the Dungeon.
You worshipped Kikubaaqudgha.
Kikubaaqudgha was most pleased with you.
You visited 2 branches of the dungeon, and saw 11 of its levels.
You also visited: Bailey.

You collected 384 gold pieces.

Inventory:

Hand Weapons
 a - a +3 whip of freezing (weapon)
 b - a +0 hunting sling
 H - a +1 hand axe of electrocution
Missiles
 c - 152 arrows
 d - 171 stones
 h - 82 bolts
 k - 84 sling bullets
 o - 8 boomerangs of dispersal
 q - 41 boomerangs
 s - a throwing net
 v - 29 poisoned darts
Armour
 j - a +0 robe (worn)
 u - a +0 pair of gloves (worn)
 y - a +0 kite shield (worn)
 I - a +2 cloak of preservation
 L - the +2 cloak of the Endless Expanse (worn) {rC+ Dex+3}
   (You found it on level 7 of the Dungeon)

   It affects your dexterity (+3).
   It protects you from cold.
 O - a +1 pair of boots of stealth (worn)
Jewellery
 e - a ring of wizardry (left hand)
 r - an amulet of regeneration (around neck)
 K - a ring of stealth (right hand)
Wands
 g - a wand of iceblast (6)
 D - a wand of polymorph (8)
Scrolls
 f - 3 scrolls of immolation
 i - a scroll of enchant armour {unknown}
 l - 2 scrolls of enchant weapon
 w - a scroll of noise
 x - 5 scrolls of remove curse
 C - a scroll of amnesia
 G - a scroll of fog
 J - 2 scrolls of blinking {unknown}
 N - a scroll of acquirement {unknown}
 P - a scroll of identify
Potions
 m - a potion of attraction {unknown}
 p - 4 potions of flight
 t - 2 potions of haste
 z - a potion of experience {unknown}
 A - 3 potions of curing
 B - a potion of magic
 E - a potion of mutation {unknown}
 F - a potion of degeneration {unknown}
 M - 2 potions of heal wounds


   Skills:
 - Level 5.0 Fighting
 - Level 5.0 Armour
 - Level 3.0 Dodging
 - Level 2.4 Stealth
 - Level 9.0 Shields
 - Level 7.0 Spellcasting
 - Level 6.0 Conjurations
 - Level 0.1 Hexes
 * Level 6.2 Necromancy


You had 8 spell levels left.
You knew the following spells:

 Your Spells              Type           Power        Failure   Level
a - Searing Ray           Conj           64%          1%          2
b - Dazzling Flash        Conj/Hex       40%          3%          3
c - Magic Dart            Conj           100%         1%          1
d - Vampiric Draining     Necr           16%          1%          3
e - Dispel Undead         Necr           33%          2%          4
z - Sublimation of Blood  Necr           16%          1%          2

Your spell library contained the following spells:

 Spells                   Type           Power        Failure   Level
 Animate Skeleton         Necr           66%          1%          1
 Pain                     Necr           100%         1%          1
 Corpse Rot               Necr/Air       N/A          1%          2
 Animate Dead             Necr           16%          2%          4
 Sting                    Tmut/Pois      28%          3%          1
 Agony                    Necr           33%          8%          5
 Excruciating Wounds      Necr           16%          8%          5
 Ignite Poison            Fire/Tmut/Pois 7%           11%         3
 Spider Form              Tmut/Pois      3%           11%         3
 Fulminant Prism          Conj/Hex       10%          11%         4
 Iskenderun's Mystic Bla  Conj/Tloc      19%          11%         4
 Death Channel            Necr           16%          38%         6
 Simulacrum               Ice/Necr       10%          80%         6


Dungeon Overview and Level Annotations

Branches:
Dungeon (10/15)            Temple (1/1) D:5             Orc (0/2) D:9
 Bailey (visited)
   Lair: D:8-11

Altars:
Ashenzari
Cheibriados
Dithmenos
Elyvilon
Fedhas
Gozag
Hepliaklqana
Kikubaaqudgha
Makhleb
Nemelex Xobeh
Okawaru
Qazlal
Ru
Sif Muna
Trog
Uskayaw
Vehumet
Wu Jian
Xom
Yredelemnul
Zin
The Shining One


Innate Abilities, Weirdness & Mutations

You cannot be hasted, slowed, berserked, paralysed or teleported.
You can dig through walls and to a lower floor.
Your four strong arms can wield two-handed weapons with a shield.
You have a pair of large antennae on your head. (SInv)


Message History

The orc warlord no longer looks unusually strong.
There is a gate leading back out of this place here.
The orc knight roars a battlecry!
The orc warlord goes into a battle-frenzy!
The orc warlord hits you with a +0 war axe!!!
Ouch! That really hurt!
Welcome back to the Dungeon!
The hound bites you but does no damage. You block the hound's attack.
The scorpion barely misses you. The hound bites you but does no damage.
There is an empty arch of ancient stone here.
The hound barely misses you.
Are you sure you want to shaft yourself?
You block the hound's attack.
The orc knight hits you with a +0 war axe!!
The scorpion closely misses you.
The orc warlord hits you with a +0 war axe.
You die...
Kikubaaqudgha rasps: "You have failed me!
Welcome... death!"

o#...# ####........ .#...#
#...........
.....############.#.........
......>g..{.................
..####o..###.≈≈gg≈≈≈........
..# #...# #o≈##.##≈........
..####...###.≈#.g.#≈........
.............≈#soo#≈g.......
.#####...###.≈#h@.#≈....###+
.#.......###.≈#####≈..#.# #
.#.####......≈≈≈≈≈≈≈..#.###.###
.# ######.[.......##........ .#
#.#.......##†.##.#### .
.....####..#†#........
###..$.......##.##.#####
.............(........#
###$.###....####....##.


You could see an orc warlord (strong), an orc knight (strong), a scorpion, a
hound and 3 goblins.

Vanquished Creatures
  A troll (D:9)
  Grinder (D:6)
  Sigmund (D:4)
  3 yaks (D:9)
  Menkaure (D:3)
  A sky beast (D:5)
  3 ice beasts
  2 orc warriors
  A necrophage (D:9)
  2 phantoms (D:4)
  3 ogres
  3 centaurs
  3 bullfrogs
  A big kobold (D:2)
  4 scorpions
  10 killer bees
  A wight (D:9)
  A bullfrog zombie (D:5)
  A quasit (D:6)
  5 hounds
  8 orc wizards
  3 orc priests
  A centaur skeleton (D:4)
  2 iguanas
  3 worker ants
  Terence (D:3)
  A killer bee zombie (D:5)
  12 adders
  2 river rats (D:5)
  A shadow imp (D:5)
  A white imp (D:6)
  An ufetubus (D:5)
  An ooze (D:3)
  An adder zombie (D:6)
  2 worms
  A dart slug (D:5)
  5 leopard geckos
  35 orcs
  5 ball pythons
  11 giant cockroaches
  17 goblins
  17 hobgoblins
  15 jackals
  23 kobolds
  A quokka (D:3)
  6 bats
  12 frilled lizards
  2 leopard gecko skeletons
  A quokka skeleton (D:7)
  9 rats
248 creatures vanquished.

Notes
Turn   | Place    | Note
-------+----------+-------------------------------------------
     0 | D:1      | DildoBatman the Formicid Conjurer began the quest for the
                  | Orb.
     0 | D:1      | Reached XP level 1. HP: 13/13 MP: 3/3
   177 | D:1      | Reached XP level 2. HP: 19/19 MP: 3/5
   281 | D:1      | You fall into a shaft and drop 1 floor!
   466 | D:2      | Found an opulent altar of Gozag.
   466 | D:2      | Found a basalt altar of Yredelemnul.
   466 | D:2      | Found an iron altar of Okawaru.
   496 | D:1      | Reached XP level 3. HP: 19/24 MP: 1/6
   557 | D:2      | Noticed an ice beast
   572 | D:2      | Noticed a big kobold
   751 | D:1      | Learned a level 2 spell: Searing Ray
  1250 | D:2      | Reached XP level 4. HP: 30/30 MP: 2/8
  1423 | D:2      | Found a sacrificial altar of Ru.
  1974 | D:2      | Killed a big kobold
  1975 | D:2      | Reached skill level 5 in Conjurations
  1975 | D:2      | Reached XP level 5. HP: 35/35 MP: 2/10
  2086 | D:2      | Killed an ice beast
  2087 | D:2      | Reached XP level 6. HP: 41/41 MP: 3/12
  2917 | D:3      | Noticed Terence
  3137 | D:3      | Found a shimmering altar of Xom.
  3189 | D:4      | Noticed Menkaure
  3284 | D:4      | Reached skill level 1 in Armour
  3284 | D:4      | Reached XP level 7. HP: 43/47 MP: 6/14
  3328 | D:4      | Reached skill level 1 in Fighting
  3676 | D:4      | Reached skill level 5 in Spellcasting
  3679 | D:4      | Found a hide-covered altar of Uskayaw.
  3928 | D:4      | Reached XP level 8. HP: 47/56 MP: 1/17
  4092 | D:4      | Found a broken altar of Ashenzari.
  4127 | D:5      | Entered Level 5 of the Dungeon
  4220 | D:5      | Noticed Sigmund
  4245 | D:5      | Found a glowing drain.
  4417 | D:5      | Found a staircase to the Ecumenical Temple.
  4424 | Temple   | Entered the Ecumenical Temple
  4647 | Temple   | Became a worshipper of Kikubaaqudgha
  5267 | D:4      | Killed Sigmund
  5268 | D:4      | Reached XP level 9. HP: 66/66 MP: 8/19
  5308 | D:3      | Killed Menkaure
  5368 | D:3      | Killed Terence
  5439 | D:6      | Reached skill level 5 in Fighting
  5483 | D:6      | Reached skill level 5 in Armour
  5483 | D:6      | Reached skill level 1 in Shields
  5497 | D:6      | Reached skill level 2 in Shields
  5572 | D:6      | Reached skill level 3 in Shields
  5584 | D:6      | Reached * piety under Kikubaaqudgha
  5584 | D:6      | Identified Kikubaaqudgha's Catalogue of Necromancy
                  | (Kikubaaqudgha gifted it to you on level 6 of the Dungeon)
  5584 | D:6      | Received a gift from Kikubaaqudgha
  5687 | D:6      | Reached skill level 4 in Shields
  5756 | D:6      | Noticed Grinder
  5763 | D:6      | Killed Grinder
  5764 | D:6      | Reached skill level 5 in Shields
  6208 | D:7      | Reached skill level 6 in Shields
  6253 | D:7      | Found a hazy altar of Hepliaklqana.
  6295 | D:7      | Found a white marble altar of Elyvilon.
  6308 | D:7      | Reached skill level 7 in Shields
  6365 | D:7      | Got a scorched cloak
  6376 | D:7      | Identified the +2 cloak of the Endless Expanse {rC+ Dex+3}
                  | (You found it on level 7 of the Dungeon)
  6396 | D:7      | Found an ornate altar of the Wu Jian Council.
  6597 | D:7      | Reached XP level 10. HP: 72/74 MP: 15/20
  6643 | D:7      | Reached ** piety under Kikubaaqudgha
  6653 | D:7      | Reached skill level 8 in Shields
  7057 | D:8      | Reached skill level 9 in Shields
  7057 | D:8      | Reached skill level 1 in Necromancy
  7065 | D:8      | You fall into a shaft and drop 2 floors!
  7065 | D:10     | Entered Level 10 of the Dungeon
  7138 | D:9      | Noticed a two-headed ogre
  7299 | D:9      | Reached skill level 5 in Necromancy
  7326 | D:8      | You fall into a shaft and drop 1 floor!
  7359 | D:9      | Found a staircase to the Orcish Mines.
  7422 | D:8      | Found a flagged portal.
  7428 | Bailey   | Entered a bailey
  7449 | Bailey   | Learned a level 2 spell: Sublimation of Blood
  7453 | Bailey   | Learned a level 3 spell: Vampiric Draining
  7457 | Bailey   | Noticed an orc warlord
  7528 | Bailey   | Learned a level 3 spell: Dazzling Flash
  7544 | Bailey   | Found a runed translucent gate.
  7546 | Bailey   | Found a runed translucent gate.
  7548 | Bailey   | Found a runed translucent gate.
  7559 | Bailey   | Noticed an orc knight
  7617 | Bailey   | Reached *** piety under Kikubaaqudgha
  7617 | Bailey   | Identified Kikubaaqudgha's Handbook of Darkness
                  | (Kikubaaqudgha gifted it to you in a bailey)
  7617 | Bailey   | Received a gift from Kikubaaqudgha
  7858 | Bailey   | Learned a level 4 spell: Dispel Undead
  8194 | Bailey   | Identified the Catalogue of Cankerous Sinister Arts
  8468 | D:8      | Slain by an orc warlord

Illustrated notes

Levels and vault maps discovered:
D:1:      mrwooster_arrival_statue_3, layout_basic, st_stairs_3,
          corexii_leaking_fountain
D:2:      layout_loops_ring, nicolae_ru_sacrificial_ziggurat,
          grunt_temple_overflow_open, guppyfry_early_orc_mine
D:3:      layout_basic, minivault_19, tgw_xom, uniq_terence
D:4:      layout_cave_pools, kennysheep_mini_moat, general_overflow_altar,
          hangedman_decor_riveting, uniq_menkaure
D:5:      layout_loops_ring, minmay_temple_entry_ruins, gup_sewer_entry_spiral,
          uniq_sigmund
D:6:      layout_cave_pods, serial_glass, glass_columns_c, glass_columns_a,
          minmay_strange_pillars, minmay_strange_pillars,
          minmay_strange_pillars, uniq_grinder
D:7:      layout_basic, nzn_wu_jian_council_hall, elyvilon_altar_1, basic_altar
D:8:      layout_basic, enter_bailey_3, chequers_guarded_unrand_ignorance
D:9:      layout_basic, david_lair_generic, zombieorc2_lemuel,
          kennysheep_just_a_vault
D:10:     layout_long_grid, serial_shops, shop
Temple:   dpeg_chambers_temple

Skill      XL: |  1  2  3  4  5  6  7  8  9 10 |
---------------+-------------------------------+-----
Conjurations   | 4 5 6 |  6.0
Spellcasting   | 3 4 6 7 |  7.0
Armour         | 1 2 4 5 |  5.0
Fighting       | 2 4 5 |  5.0
Dodging        | 3 |  3.0
Shields        | 7 9 |  9.0
Necromancy     | 6 |  6.2
Stealth        | |  2.4
Hexes          | |  0.1

Action                   |  1- 3 |  4- 6 |  7- 9 | 10-12 || total
-------------------------+-------+-------+-------+-------++-------
Melee: Unarmed           |     5 |       |       |       ||     5
       Club              |    17 |       |       |       ||    17
       Whip              |     4 |    55 |   109 |    37 ||   205
 Cast: Magic Dart        |    74 |    21 |    32 |    16 ||   143
       Searing Ray       |       |    14 |    59 |    27 ||   100
       Dazzling Flash    |       |       |       |    20 ||    20
 Abil: Dig               |     3 |    15 |    27 |    26 ||    71
       Shaft Self        |       |       |       |     1 ||     1
  Use: Scroll            |       |       |     6 |     9 ||    15
 Stab: Sleeping          |       |     1 |     1 |       ||     2
       Invisible         |       |       |       |     1 ||     1
Armor: Robe              |    12 |    16 |    51 |    36 ||   115
Dodge: Dodged            |    43 |    57 |   146 |    98 ||   344
Block: Kite shield       |       |       |     7 |   119 ||   126
